 Dungeon Crawl Stone Soup version 0.19-a0-188-ga21aea4 (webtiles) character file.

57 wvc the Skirmisher (level 3, -13/33 HPs)
             Began as a Mummy Wanderer on May 23, 2016.
             Killed from afar by an orc wizard (18 damage)
             ... with a puff of flame
             ... on level 3 of the Dungeon.
             The game lasted 00:02:59 (1629 turns).

wvc the Skirmisher (Mummy Wanderer)                 Turns: 1629, Time: 00:03:00

Health: -13/33     AC:  5    Str: 16    XL:     3   Next: 73%
Magic:  3/3        EV:  8    Int: 11    God:
Gold:   135        SH:  0    Dex: 11    Spells: 0 memorised, 2 levels left

rFire  x . .     SeeInvis .     f - +1 spear (freeze)
rCold  + . .     Gourm    .     g - +0 ring mail
rNeg   + + +     Faith    .     a - +0 shield
rPois  ∞         Spirit   .     (no helmet)
rElec  .         Dismiss  +     (no cloak)
rCorr  .         Reflect  .     (no gloves)
SustAt .         Harm     .     (no boots)
MR     .....                    d - amulet of dismissal
Stlth  ..........               (no ring)
                                (no ring)

@: confused, not resistant to hostile enchantments, extremely unstealthy
A: no food or potions, fire vulnerability, cold resistance 1, negative energy
resistance 3, torment resistance, unbreathing
a: no special abilities


You were on level 3 of the Dungeon.
You were not hungry.

You visited 1 branch of the dungeon, and saw 3 of its levels.

You collected 135 gold pieces.

Inventory:

Hand Weapons
 f - a +1 spear of freezing (weapon)
Missiles
 h - 4 tomahawks (quivered)
Armour
 a - a +0 shield (worn)
 g - a +0 ring mail (worn)
Jewellery
 d - an amulet of dismissal (around neck)
Scrolls
 b - 2 scrolls of teleportation
 c - a scroll of noise {unknown}
 e - 3 scrolls of fog {unknown}
 i - a scroll of blinking


   Skills:
 - Level 5.0 Fighting
 * Level 1.8 Polearms
 + Level 1.4 Armour
 + Level 1.9 Dodging
 - Level 1.0 Stealth
 - Level 1.0 Shields
 - Level 1.0 Unarmed Combat


You had 2 spell levels left.
You didn't know any spells.

Dungeon Overview and Level Annotations

Branches:
Dungeon (3/15)

Altars:


Innate Abilities, Weirdness & Mutations

You do not eat or drink.
Your flesh is vulnerable to fire.
You are immune to poison.
Your flesh is cold resistant. (rC+)
You are immune to negative energy. (rN+++)
You are immune to unholy pain and torment.
You can survive without breathing.


Message History

You miss something. Something hits you.
You miss something. Something hits you but does no damage.
You hit something. You freeze something.
You hear some strange, mumbled words.
You are confused.
Something hits you. Something hits you but does no damage.
You bump into the rock wall.
You hear some strange, mumbled words.
Something tries to affect you, but you resist.
Something hits you.
* * * LOW HITPOINT WARNING * * *
Something hits you.
* * * LOW HITPOINT WARNING * * *
You're too confused to move!
You hear some strange, mumbled words.
A puff of flame appears from out of thin air!
The puff of flame hits you! The fire burns you terribly!
Ouch! That really hurt!
You die...

### #.## #.. #.# #.# #####
#)# ....# #)#
....############.######
....##.........{@.....#
...###................#
...###[...............#
.....%................#
...†..................##..
#.#...........##.#........
#.#....[......##.#........
#.#.......................
...................(......


There were no monsters in sight!

Vanquished Creatures
  An adder (D:3)
  A worm (D:3)
  A dart slug (D:2)
  3 orcs (D:3)
  7 bats
  3 giant cockroaches
  A goblin (D:3)
  5 hobgoblins
  6 jackals (D:1)
  A ball python (D:3)
  A giant newt (D:1)
  5 kobolds
  2 rats (D:2)
37 creatures vanquished.

Notes
Turn   | Place    | Note
--------------------------------------------------------------
     0 | D:1      | wvc the Mummy Wanderer began the quest for the Orb.
     0 | D:1      | wvc set off with: a +0 shield, 2 scrolls of teleportation, a +0 robe, a +0 club
     0 | D:1      | Reached XP level 1. HP: 21/21 MP: 1/1
   249 | D:1      | Reached XP level 2. HP: 27/27 MP: 2/2
   845 | D:2      | Reached skill level 1 in Armour
   915 | D:2      | Reached XP level 3. HP: 33/33 MP: 3/3
  1629 | D:3      | Killed from afar by an orc wizard

Vault maps used:
D:1:      minmay_arrival_nine_rooms
D:3:      kennysheep_the_goblin_king, nicolae_overflow_hidden_temple,
          first_bread

Skill      XL: |  1  2 |
---------------+-------+-----
Armour         | 1 |  1.4
Fighting       | |  5.0
Polearms       | |  1.8
Dodging        | |  1.9
Stealth        | |  1.0
Shields        | |  1.0
Unarmed Combat | |  1.0

Action                   || total
-------------------------++-------
Melee: Spear             ||   163
       Club              ||     2
  Use: Scroll            ||     1
Armor: Leather armour    ||     5
       Ring mail         ||    29
Dodge: Dodged            ||    47
Block: Shield            ||    50
